 Dungeon Crawl Stone Soup version 0.31-a0-155-gb63f529262 (webtiles) character file.

Game seed: 14628294774810146278

100 Nattfarinn the Covered (level 4, -6/41 HPs)
             Began as a Minotaur Fighter on June 12, 2023.
             Was an Initiate of Qazlal.
             Mangled by an ogre
             ... wielding a +0 giant club
              (9 damage)
             ... on level 4 of the Dungeon.
             The game lasted 00:03:52 (2367 turns).

Nattfarinn the Covered (Minotaur Fighter)           Turns: 2367, Time: 00:03:53

Health: -6/41      AC:  7    Str: 23    XL:     4   Next: 47%
Magic:  3/3        EV:  9    Int:  5    God:    Qazlal [......]
Gold:   130        SH:  4    Dex:  9    Spells: 3/3 levels left

rFire   . . .        a - +0 long sword
rCold   . . .        c - +0 buckler
rNeg    . . .        b - +0 scale mail
rPois   .            (helmet restricted)
rElec   .            (no cloak)
rCorr   .            (no gloves)
SInv    .            (no boots)
Will    .....        (no amulet) Stlth
                     (no ring)
HPRegen 0.26/turn    (no ring)
MPRegen 0.08/turn

%: no passive effects
@: no status effects
A: horns 2, retaliatory headbutt
a: Renounce Religion


You were on level 4 of the Dungeon.
You worshipped Qazlal.
Qazlal was noncommittal.
You visited 1 branch of the dungeon, and saw 4 of its levels.

You collected 130 gold pieces.

Inventory:

Hand Weapons
 a - a +0 long sword (weapon)
Armour
 b - a +0 scale mail (worn)
 c - a +0 buckler (worn)
Jewellery
 r - an amulet of reflection
 s - a ring of willpower
Scrolls
 e - 3 scrolls of teleportation {unknown}
 l - a scroll of amnesia {unknown}
 m - a scroll of torment {unknown}
 o - a scroll of vulnerability {unknown}
 p - a scroll of fear {unknown}
 q - a scroll of brand weapon {unknown}
Potions
 d - 2 potions of might
 f - 2 potions of mutation {unknown}
 g - 2 potions of degeneration {unknown}
 h - a potion of ambrosia {unknown}
 i - a potion of magic {unknown}
 j - a potion of heal wounds {unknown}
 k - 2 potions of curing {unknown}
 n - a potion of brilliance {unknown}


   Skills:
 + Level 4.4 Fighting
 + Level 3.5 Long Blades
 + Level 4.5 Armour
 + Level 4.5 Shields


You had 3 spell levels left.
You didn't know any spells.
Your spell library contained the following spells:

 Spells                   Type           Power      Damage    Failure   Level
 Ensorcelled Hibernation  Hex/Ice        0%         N/A       93%         2
 Passwall                 Tmut/Erth      0%         N/A       93%         2
 Dazzling Flash           Conj/Hex       0%         N/A       99%         3
 Summon Guardian Golem    Hex/Summ       0%         N/A       99%         3
 Swiftness                Air            0%         N/A       99%         3
 Agony                    Necr           0%         N/A       100%        5
 Silence                  Hex/Air        0%         N/A       100%        5
 Orb of Destruction       Conj           0%         9d5       100%        7
 Spellforged Servitor     Conj/Summ      0%         N/A       100%        7


Dungeon Overview and Level Annotations

Branches:
Dungeon (4/15)
 Temple: D:4-7

Altars:
Dithmenos
Qazlal


Innate Abilities, Weirdness & Mutations

You have a pair of horns on your head.
You reflexively headbutt those who attack you in melee.


Message History

The ogre shouts!
Found 19 gold pieces.
Found a scroll labelled JUDYVV DENICK.
The endoplasm freezes you.
You are frozen.
You hit the endoplasm. You headbutt the endoplasm.
You kill the endoplasm!
Qazlal accepts your kill.
You hit the ogre.
The ogre is lightly wounded.
You block the ogre's attack.
You barely miss the ogre. You headbutt the ogre!
The ogre is heavily wounded.
The ogre hits you with a +0 giant club!!
You are too injured to fight recklessly!
You are too injured to fight recklessly!
You are too injured to fight recklessly!
You are too injured to fight recklessly!
You are too injured to fight recklessly!
You are too injured to fight recklessly!
You are too injured to fight recklessly!
You are too injured to fight recklessly!
You are too injured to fight recklessly!
You are too injured to fight recklessly!
You are too injured to fight recklessly!
You are too injured to fight recklessly!
You are too injured to fight recklessly!
You are too injured to fight recklessly!
You are too injured to fight recklessly!
You are too injured to fight recklessly!
You are too injured to fight recklessly!
You are too injured to fight recklessly!
Unknown command.
You hit the ogre. Your headbutt misses the ogre.
The ogre is heavily wounded.
The ogre hits you with a +0 giant club!
* * * LOW HITPOINT WARNING * * *
Found 11 gold pieces.
The ogre attacks as you move away! The ogre hits you with a +0 giant club!
You die...

#........ .........
......... #.>...".. .#
#........ . #........
##........ #.O.......
###@##.$...# #...#
###### ####### #...##
#...#.. #.§..§##
#...#.8
#§§..§§§########...#..
#$§§..§§§§#.........###
..§ .§.§§§§§.##.......#
§.
§.§_......##.##....##
.§§.......#..###.###.


You could see an ogre.

Vanquished Creatures
  4 adders
  2 worms (D:2)
  4 bats
  9 endoplasms
  3 giant cockroaches
  6 goblins
  7 hobgoblins
  3 quokkas
  7 ball pythons
  3 frilled lizards
  4 kobolds
  3 rats
55 creatures vanquished.

Notes
Turn   | Place    | Note
-------+----------+-------------------------------------------
     0 | D:1      | Nattfarinn the Minotaur Fighter began the quest for the
                  | Orb.
     0 | D:1      | Reached XP level 1. HP: 19/19 MP: 0/0
   126 | D:1      | Reached XP level 2. HP: 22/27 MP: 1/1
   244 | D:1      | Found a faded altar of an unknown god.
   851 | D:2      | Reached XP level 3. HP: 30/33 MP: 2/2
   922 | D:2      | Found a stormy altar of Qazlal.
   938 | D:2      | Became a worshipper of Qazlal Stormbringer
  1719 | D:3      | Reached XP level 4. HP: 41/41 MP: 3/3
  2347 | D:4      | Found a shadowy altar of Dithmenos.
  2358 | D:4      | Noticed an ogre
  2364 | D:4      | HP: 2/41 [ogre/+0 giant club (15)]
  2367 | D:4      | Mangled by an ogre

Illustrated notes

Levels and vault maps discovered:
D:1:      ncdulo_wetmaze, layout_basic, ebering_ecumenical_altar_webs,
          st_stairs_13
D:2:      layout_basic, basic_altar
D:3:      layout_loops_cross
D:4:      minmay_evil_eye, layout_rooms, nicolae_dithmenos_the_darkroom,
          chei_slow_surprise, nicolae_elevator_lobby_asterisk, uniq_grinder

Skill      XL: |  1  2 |
---------------+-------+-----
Fighting       | 4 |  4.4
Armour         | 4 |  4.5
Long Blades    | 3 |  3.5
Shields        | 4 |  4.5

Action                     |  1- 3 |  4- 6 || total
---------------------------+-------+-------++-------
  Melee: Long sword        |   110 |    24 ||   134
         Headbutt          |    13 |     4 ||    17
 Armour: Scale mail        |    48 |     7 ||    55
  Dodge: Dodged            |    40 |    11 ||    51
  Block: Buckler           |    22 |     7 ||    29

Table legend: (Time is in decaauts)
 A = Elapsed time spent in this place.
 B = Non-inter-level travel time spent in this place.
 C = Inter-level travel time spent in this place.
 D = Time resting spent in this place.
 E = Time spent auto-exploring this place.
 F = Levels seen in this place.
 G = Mean time per level.
                   A        B        C        D        E       F      G
               +--------+--------+--------+--------+--------+-----+--------+
         Total |   2412 |   2240 |    172 |    102 |   1710 |   4 |  603.0 |
       Dungeon |   2412 |   2240 |    172 |    102 |   1710 |   4 |  603.0 |
               +--------+--------+--------+--------+--------+-----+--------+

Top non-repeatable levels by time:
     D:1: 960 daAuts
     D:2: 751 daAuts
     D:3: 618 daAuts
     D:4: 82 daAuts
